AoeStats
← DAN13L

Arabia

507011036Analyzed
1v1 RM · 17d ago on Sep 16, 2026· 20m 2s· 2 players
Game mode
Random Map
Map size
Tiny (2 player)
Population
200
Speed
Normal
Resources
Standard
Victory
Conquest
Starting age
Dark Age
Ending age
Imperial Age
RankedLock teamsTeams togetherTeam positionsShared explorationLock speedFull tech treeHidden civsTurbo modeCheats
Victory
Defeat
🇲🇽 Mongols · Mexico
916
+45
921
-16
DAN13L
6:09 Loom
8:19 Feudal Age
15:30 Double-Bit Axe
19:50 Castle Age
19:30 Horse Collar
Jeffrey Epsteins urologist
5:39 Loom
8:07 Feudal Age
9:57 Double-Bit Axe
Connection lost

Rejoining the realm…

Still unreachable

The connection could not be restored.

Session expired

The server has moved on; the page needs a fresh start.